 Dungeon Crawl Stone Soup version 0.27.0-1-g7a089689b8 (webtiles) character file.

Game seed: 7496660381636861730

20 horus123 the Caller (level 2, 0/15 HPs)
             Began as a Deep Elf Summoner on July 31, 2021.
             Was a Follower of Sif Muna.
             Succumbed to an adder's poison
             ... on level 2 of the Dungeon.
             The game lasted 00:06:46 (2440 turns).

horus123 the Caller (Deep Elf Summoner)             Turns: 2440, Time: 00:06:46

Health: 0/15       AC:  3    Str:  5    XL:     2   Next: 58%
Magic:  1/8        EV: 12    Int: 19    God:    Sif Muna [*.....]
Gold:   55         SH:  0    Dex: 15    Spells: 5/8 levels left

rFire    . . .     SeeInvis .   (no weapon)
rCold    . . .     Faith    .   (no shield)
rNeg     . . .     Spirit   .   a - +0 robe
rPois    .         Reflect  .   (no helmet)
rElec    .         Harm     .   (no cloak)
rCorr    .         Rampage  .   e - +0 pair of gloves
Will     .....                  (no boots)
Stlth    ++........             (no amulet)
HPRegen  0.05/turn              (no ring)
MPRegen  0.11/turn              (no ring)

@: lethally poisoned (0 -> -1)
A: no striking features
a: Renounce Religion, Channel Magic


You were on level 2 of the Dungeon.
You worshipped Sif Muna.
Sif Muna was aware of your devotion.
You visited 1 branch of the dungeon, and saw 2 of its levels.

You collected 55 gold pieces.

Inventory:

Armour
 a - a +0 robe (worn)
 e - a +0 pair of gloves (worn)
Scrolls
 d - a scroll of brand weapon {unknown}
Potions
 b - 2 potions of haste {unknown}
 c - a potion of lignification {unknown}


   Skills:
 + Level 2.4 Dodging
 + Level 2.6 Stealth
 + Level 3.5 Spellcasting
 + Level 4.9 Summonings


You had 5 spell levels left.
You knew the following spells:

 Your Spells              Type           Power      Damage    Failure   Level
a - Summon Small Mammal   Summ           88%        N/A       1%          1
b - Call Imp              Summ           22%        N/A       3%          2

Your spell library contained the following spells:

 Spells                   Type           Power      Damage    Failure   Level
 Call Canine Familiar     Summ           22%        N/A       6%          3
 Summon Guardian Golem    Hex/Summ       12%        N/A       16%         3
 Summon Lightning Spire   Summ/Air       12%        N/A       45%         4


Dungeon Overview and Level Annotations

Branches:
Dungeon (2/15)

Altars:
Sif Muna
The Shining One


Message History

There is a stone staircase leading up here.
You miscast Call Imp.
You are very lightly contaminated with residual magic.
Nothing appears to happen.
A beastly little devil appears in a puff of flame.
A beastly little devil appears in a puff of flame.
Your crimson imp misses the adder.
A beastly little devil appears in a puff of frigid air.
The adder bites you but does no damage. The adder bites you.
You are poisoned.
The adder poisons you!
Your crimson imp closely misses the adder.
You swap places.
You feel sick. The adder bites your white imp.
Your crimson imp blinks!
Your crimson imp hits the adder.
Your white imp misses the adder.
You see here 24 arrows.
You feel sick. The adder bites your white imp.
Your crimson imp closely misses the adder.
Your white imp hits the adder.
Your white imp freezes the adder.
The adder seems to slow down.
You feel sick. The endoplasm hits you.
The adder closely misses your white imp.
Your crimson imp barely misses the adder.
Your white imp barely misses the adder.
Your crimson imp hits the adder.
You feel sick. The endoplasm misses you. The adder bites your crimson imp.
Your crimson imp blinks!
Your white imp closely misses the adder.
Your crimson imp closely misses the adder.
Your magical contamination has completely faded away.
You feel sick. The endoplasm freezes you.
You are frozen.
* * * LOW HITPOINT WARNING * * *
The adder barely misses your crimson imp.
Your white imp completely misses the adder.
Your crimson imp blinks!
* * * LOW HITPOINT WARNING * * *
You feel sick.
The adder is no longer moving slowly.
The endoplasm barely misses you.
You die...

.. ..#. ##
#..#?.. ..
..#..##.
#.#....
.....
...##
#J..# #(#
#@#
#5.......
.S.....##
..##5.....
#.5 .....#
... .#....
##.. .....
#.# # ###


You could see an adder (ally target), an endoplasm, 2 friendly crimson imps and
a friendly white imp (summoned).

Vanquished Creatures (collateral kills)
  A gnoll (D:1)
  3 bats (D:1)
  4 endoplasms (D:1)
  A giant cockroach (D:1)
  2 goblins (D:1)
  3 hobgoblins (D:1)
  A kobold (D:1)
  2 quokkas (D:1)
  A ball python (D:1)
  2 frilled lizards (D:1)
  3 rats (D:1)
23 creatures vanquished.

Vanquished Creatures (others)
  5 toadstools (D:1)
5 creatures vanquished.

Grand Total: 28 creatures vanquished

Notes
Turn   | Place    | Note
-------+----------+-------------------------------------------
     0 | D:1      | horus123 the Deep Elf Summoner began the quest for the Orb.
     0 | D:1      | Reached XP level 1. HP: 10/10 MP: 6/6
   761 | D:1      | Reached XP level 2. HP: 13/15 MP: 2/8
   764 | D:1      | Learned a level 2 spell: Call Imp
  1898 | D:1      | Found a faded altar of an unknown god.
  1911 | D:1      | Found a faded altar of an unknown god.
  1971 | D:1      | Became a worshipper of the Shining One
  1971 | D:1      | Reached * piety under the Shining One
  2134 | D:1      | Fell from the grace of the Shining One
  2134 | D:1      | Became a worshipper of Sif Muna the Loreminder
  2134 | D:1      | Reached * piety under Sif Muna
  2440 | D:2      | Succumbed to an adder's poison

Illustrated notes

Levels and vault maps discovered:
D:1:      ldierk_walled_garden, layout_loops_ring,
          hellmonk_ecumenical_altar_the_god_not_taken, serial_park_tiny_2
D:2:      layout_loops_cross, st_stairs_9, nrook_mini_vaults,
          minmay_tromino_v4_a, uniq_terence

Action                   || total
-------------------------++-------
 Cast: Summon Small Mamm ||    46
       Call Imp          ||    13
Armor: Robe              ||     7
Dodge: Dodged            ||    30
